Map: Galactic Process LE

Players

Zelos - Winner!

  • Race: Terran Terran
  • League: Grandmaster

PiLiPiLi

  • Race: Protoss Protoss
  • League: Grandmaster

VOD

Have the link to the VOD?

Description

Time

  • Played on: Aug. 26, 2016, 5:57 p.m.
  • Length: 12:51
Show
View Real Time Build Order
Export as new Build Order

Zelos Terran - Winner!

Build Orders: MMM Bio 

Get SALT Encoding   

  12  0:00  SCV  
  13  0:13  SCV  
  14  0:19  Supply Depot  
  14  0:25  SCV  
  15  0:41  SCV, Barracks  
  16  0:47  Refinery  
  16  0:53  SCV  
  17  1:06  Barracks  
  17  1:13  SCV  
  18  1:28  Orbital Command  
  18  1:31  Reaper  
  19  1:40  Supply Depot  
  19  1:54  SCV  
  19  1:57  Reaper  
  21  2:06  SCV  
  22  2:08  Reaper  
  23  2:28  SCV  
  23  2:29  Command Center  
  24  2:40  SCV  
  25  2:48  Command Center  
  25  2:49  Barracks Tech Lab  
  25  2:52  SCV  
  26  3:07  SCV  
  26  3:11  Factory  
  26  3:14  Barracks  
  26  3:15  Refinery  
  26  3:21  SCV  
  27  3:31  Stimpack, Marine  
  27  3:33  SCV  
  29  3:43  Orbital Command  
  29  3:45  SCV  
  30  3:50  Engineering Bay  
  30  3:53  Marine  
  31  3:58  SCV  
  31  3:59  Marine, Widow Mine  
  35  4:09  Starport  
  34  4:10  Marine  
  34  4:13  SCV  
  34  4:16  SCV  
  37  4:20  Marauder  
  37  4:21  Marine  
  38  4:35  Supply Depot  
  38  4:37  Marine  
  36  4:39  Marine  
  36  4:41  Marine  
  34  4:55  Marine  
  34  4:57  Marine  
  34  5:03  Missile Turret  
  34  5:04  Marine  
  35  5:08  SCV  
  36  5:15  SCV  
  37  5:23  Orbital Command  
  37  5:24  SCV  
  38  5:29  SCV  
  38  5:31  Marine  
  38  5:32  Marine  
  41  5:37  Starport Reactor  
  41  5:41  SCV x2  
  43  5:43  Marine  
  43  5:50  Marine  
  43  5:51  Marine  
  43  5:56  Missile Turret  
  44  6:01  Marine  
  43  6:07  SCV x3  
  46  6:13  Marine x2  
  46  6:14  Medivac  
  46  6:17  Medivac  
  52  6:19  SCV  
  52  6:22  SCV  
  52  6:23  SCV  
  52  6:24  Terran Infantry Weapons Level 1  
  55  6:26  Combat Shields  
  55  6:31  SCV  
  56  6:34  SCV, Supply Depot  
  56  6:39  SCV, Supply Depot  
  58  6:43  SCV  
  58  6:45  Factory Reactor  
  58  6:46  Barracks Reactor, Barracks Tech Lab  
  59  6:48  SCV  
  59  6:51  SCV  
  61  6:56  Marauder  
  61  6:58  Supply Depot  
  63  7:02  SCV  
  63  7:04  SCV, Supply Depot x2  
  63  7:06  SCV  
  63  7:08  Concussive Shells  
  66  7:09  Marauder  
  66  7:15  SCV  
  69  7:17  Orbital Command  
  69  7:21  SCV  
  71  7:27  Marauder, Marine x2, Widow Mine  
  71  7:28  Widow Mine  
  78  7:34  Supply Depot  
  78  7:35  Supply Depot  
  78  7:38  Marauder  
  78  7:40  Refinery  
  78  7:43  Barracks  
  80  7:45  Barracks  
  80  7:56  SCV x3  
  83  7:59  Marine x2, Widow Mine  
  83  8:00  Marauder x2, Widow Mine  
  93  8:08  SCV x3  
  93  8:09  Supply Depot  
  93  8:12  Supply Depot  
  96  8:13  Refinery  
  96  8:19  Terran Infantry Armor Level 1  
  96  8:20  SCV x2  
  96  8:26  Armory, Supply Depot  
  98  8:28  SCV, Engineering Bay, Supply Depot  
  98  8:32  SCV  
  100  8:34  Marauder  
  100  8:35  Marauder  
  100  8:36  SCV  
  105  8:41  SCV  
  105  8:42  Barracks Reactor, Barracks Tech Lab  
  105  8:44  Widow Mine x2  
  105  8:47  SCV  
  111  8:48  SCV  
  109  8:58  Marine x2  
  109  8:59  Marauder x2  
  115  9:04  Medivac x2  
  115  9:05  Supply Depot  
  115  9:06  SCV x2  
  115  9:07  Supply Depot  
  115  9:09  SCV  
  118  9:12  Marauder  
  118  9:15  Supply Depot  
  120  9:22  Marauder x2, Marine x2, Missile Turret  
  126  9:34  Marauder, Marine x2  
  126  9:35  Liberator  
  126  9:36  SCV x3, Liberator  
  133  9:40  Terran Infantry Weapons Level 2, Marine  
  133  9:42  Widow Mine x2  
  133  9:43  Marauder  
  142  9:45  Marauder  
  142  9:46  Marine  
  149  10:01  Marauder, Marine x3  
  146  10:16  Missile Turret  
  146  10:18  Marauder x2, Marine x3, Widow Mine  
  155  10:22  Marauder  
  155  10:25  SCV x3  
  160  10:37  SCV  
  154  10:43  Marine  
  154  10:44  Marauder x2, Marine  
  154  10:47  Command Center  
  140  11:17  Marauder x2, Marine x4  
  137  11:19  SCV x3  
  133  11:29  Liberator  
  133  11:30  Liberator  
  110  11:33  Marine  
  110  11:35  Marine x2  
  110  11:38  Marauder  
  110  11:39  Marauder  
  114  11:45  Marine x2  
  114  11:46  Widow Mine x2  
  116  11:50  Barracks  
  116  11:51  Barracks x2, Marine  
  116  11:52  Marine  
  119  12:03  Refinery  
  119  12:04  Refinery  
  119  12:06  Orbital Command  
  119  12:08  Marine x2  
  116  12:25  Marauder, Marine x4  
  116  12:26  Marine  
Show
View Real Time Build Order
Export as new Build Order

PiLiPiLi Protoss 

Build Orders: 1 Gate Expand, Oracle Opening 

Get SALT Encoding   

  12  0:01  Probe (Chrono Boost)  
  13  0:11  Probe (Chrono Boost)  
  14  0:18  Pylon  
  14  0:22  Probe (Chrono Boost)  
  15  0:36  Probe (Chrono Boost), Gateway  
  16  0:43  Assimilator  
  16  0:46  Probe (Chrono Boost)  
  18  0:57  Probe (Chrono Boost)  
  18  1:07  Probe (Chrono Boost)  
  19  1:18  Nexus  
  19  1:22  Probe (Chrono Boost)  
  20  1:32  Cybernetics Core  
  20  1:34  Probe (Chrono Boost)  
  21  1:40  Assimilator  
  21  1:46  Probe (Chrono Boost)  
  22  1:54  Pylon  
  22  1:57  Probe (Chrono Boost)  
  23  2:02  Warp Gate  
  23  2:09  Adept  
  23  2:14  Probe (Chrono Boost)  
  23  2:31  Probe (Chrono Boost)  
  23  2:32  Probe (Chrono Boost), Adept  
  25  2:45  Stargate  
  25  2:48  Probe (Chrono Boost)  
  25  2:50  Probe (Chrono Boost)  
  27  2:56  Adept  
  29  3:08  Probe (Chrono Boost)  
  29  3:11  Probe (Chrono Boost)  
  31  3:22  Adept, Mothership Core (Chrono Boost)  
  31  3:26  Oracle  
  31  3:27  Probe (Chrono Boost)  
  37  3:40  Gateway  
  37  3:49  Gateway  
  37  3:54  Probe (Chrono Boost)  
  38  3:59  Probe (Chrono Boost)  
  39  4:06  Phoenix  
  41  4:12  Probe (Chrono Boost)  
  41  4:15  Probe (Chrono Boost)  
  43  4:22  Pylon  
  44  4:24  Probe (Chrono Boost)  
  44  4:35  Probe (Chrono Boost)  
  44  4:37  Probe (Chrono Boost)  
  46  4:47  Probe (Chrono Boost)  
  46  4:52  Probe (Chrono Boost)  
  46  4:56  Phoenix  
  46  4:58  Probe (Chrono Boost)  
  45  5:02  Probe (Chrono Boost)  
  46  5:09  Probe (Chrono Boost), Nexus  
  46  5:13  Probe (Chrono Boost)  
  48  5:15  Assimilator  
  48  5:18  Assimilator  
  48  5:21  Phoenix  
  50  5:22  Probe (Chrono Boost)  
  50  5:24  Pylon  
  50  5:25  Pylon  
  51  5:33  Probe (Chrono Boost)  
  51  5:34  Probe (Chrono Boost)  
  53  5:43  Adept x3  
  53  5:44  Probe (Chrono Boost), Pylon  
  60  5:50  Phoenix  
  60  5:56  Pylon  
  60  5:57  Probe (Chrono Boost)  
  63  6:05  Adept x3  
  63  6:08  Probe x2 (Chrono Boost)  
  71  6:13  Phoenix  
  73  6:19  Probe (Chrono Boost)  
  73  6:20  Probe (Chrono Boost)  
  73  6:21  Probe (Chrono Boost)  
  76  6:27  Sentry x2  
  76  6:29  Probe (Chrono Boost), Sentry  
  76  6:32  Probe x2 (Chrono Boost)  
  85  6:39  Pylon  
  86  6:40  Probe (Chrono Boost)  
  86  6:42  Probe (Chrono Boost)  
  86  6:45  Probe (Chrono Boost)  
  86  6:46  Forge  
  88  6:48  Twilight Council  
  88  6:50  Probe (Chrono Boost)  
  88  6:52  Phoenix  
  88  6:53  Probe (Chrono Boost)  
  90  6:57  Probe (Chrono Boost)  
  90  6:59  Sentry  
  90  7:00  Adept  
  90  7:01  Probe (Chrono Boost)  
  98  7:03  Probe (Chrono Boost)  
  98  7:06  Pylon  
  100  7:09  Probe (Chrono Boost)  
  100  7:11  Probe (Chrono Boost)  
  100  7:14  Probe (Chrono Boost)  
  100  7:15  Phoenix  
  102  7:18  Protoss Ground Weapons Level 1, Blink  
  102  7:21  Probe (Chrono Boost)  
  102  7:22  Probe (Chrono Boost)  
  105  7:24  Probe (Chrono Boost)  
  106  7:32  Assimilator, Robotics Facility  
  106  7:33  Probe (Chrono Boost)  
  106  7:35  Assimilator  
  108  7:41  Pylon  
  107  7:45  Phoenix  
  109  8:03  Stalker  
  109  8:04  Stalker x2  
  115  8:08  Gateway x2  
  115  8:10  Phoenix  
  115  8:12  Gateway  
  117  8:19  Gateway  
  117  8:21  Gateway  
  117  8:24  Gateway  
  117  8:27  Gateway, Observer  
  117  8:34  Robotics Bay  
  118  8:35  Phoenix  
  120  8:43  Immortal  
  124  8:58  Protoss Ground Armor Level 1  
  124  8:59  Nexus  
  124  9:06  Resonating Glaives  
  124  9:13  Pylon  
  124  9:16  Pylon  
  124  9:20  Extended Thermal Lance  
  124  9:22  Colossus  
  124  9:26  Pylon  
  124  9:27  Pylon  
  124  9:35  Pylon  
  121  9:41  Probe x3 (Chrono Boost)  
  121  9:44  Stalker x8  
  142  9:53  Probe x2 (Chrono Boost), Photon Cannon  
  142  9:58  Photon Cannon  
  142  9:59  Probe (Chrono Boost)  
  143  10:05  Probe (Chrono Boost)  
  144  10:09  Colossus  
  144  10:14  Stalker x9  
  168  10:24  Assimilator  
  168  10:27  Assimilator  
  166  10:44  Adept  
  166  10:45  Adept x6  
  180  10:50  Photon Cannon  
  180  10:54  Photon Cannon  
  178  10:57  Photon Cannon  
  178  11:02  Adept x2  
  146  11:15  Stalker x5  
  150  11:28  Colossus  
  150  11:31  Stalker  
  150  11:32  Stalker x3  
  116  11:39  Adept x2  
  110  11:40  Adept x2  
  98  11:49  Adept  
  85  11:58  Adept x2  
  85  11:59  Adept x2  
  75  12:02  Adept x4  
  83  12:11  Adept  
  83  12:15  Mothership Core (Chrono Boost)  
  83  12:23  Adept x4  
  83  12:24  Adept x2  
  77  12:35  Adept  
  77  12:36  Adept x2  
Tags
 
Add a new tag
Caveats
  • Supply blocks, unpowered buildings, or Contaminate may cause inaccurate times.
  • Supply counts are checked every 10 seconds.